Blues vs RedWings

Created - January 9 2011 at 14:17

Goals
1 2 3 T
Blues 2 3 1 6
RedWings 0 0 0 0
Shots
1 2 3 T
Blues 11 8 13 32
RedWings 9 9 10 28

Period #1

1. Blues , Steve Ott 8 (Chris Kunitz) at 0:35 (PP)
2. Blues , Jamie Langenbrunner 10 (Saku Koivu, Kristian Huselius) at 0:56

Penalties :
Colin White (DET) for Hooking (Minor) at 0:16, Keith Yandle (DET) for Hooking (Minor) at 2:28, Ryan Getzlaf (DET) for Roughing (Minor) at 7:09, Steve Ott (STL) for Holding (Minor) at 15:47

Period #2

3. Blues , Jay McKee 4 (Jussi Jokinen, Daymond Langkow) at 7:08 (PP)
4. Blues , Jamie Langenbrunner 11 (Jay McKee) at 19:00
5. Blues , Scott Niedermayer 10 (Jay McKee, Kristian Huselius) at 19:45 (PP)

Penalties :
Dennis Wideman (STL) for Hooking (Minor) at 1:16, Brendan Witt (DET) for High sticking (Double Minor) at 3:26, Brian Pothier (STL) for High sticking (Minor) at 16:19, Colin White (DET) for Slashing (Minor) at 19:23, Colin White (DET) for Roughing (Minor) at 19:58

Period #3

6. Blues , Jay McKee 5 (Scott Niedermayer, Daymond Langkow) at 18:27 (PP)

Penalties :
Craig Anderson (DET) for Slashing (Double Minor) at 1:22 - Nate Thompson served the penalty., Brendan Witt (DET) for Hooking (Minor) at 5:49, Brendan Witt (DET) for Hooking (Minor) at 8:57, Jay McKee (STL) for Holding (Minor) at 11:20, Colin White (DET) for Elbowing (Minor) at 13:32, Colin White (DET) for Holding (Minor) at 16:29, Dan Sexton (STL) for Roughing (Minor) at 18:55

Goalie Stats

Jonathan Quick (STL), 28 saves from 28 shots - (1.000), W, 13-25-3, 60:00 minutes
Craig Anderson (DET), 26 saves from 32 shots - (0.813), L, 27-12-4, 60:00 minutes

Players Stats

Blues
Player Name              G  A  P  +/- PIM S  H  SB FO    MP 
------------------------------------------------------------
Alexander Frolov         0  0  0   1  0   4  0  0  0/0   14 
Brad Lukowich            0  0  0   1  0   1  0  0  0/0   14 
Brian Pothier            0  0  0   0  2   2  3  0  0/0   21 
Chris Kunitz             0  1  1   0  0   0  3  0  1/3   16 
Dan Sexton               0  0  0   0  2   0  1  0  0/1   4  
Daymond Langkow          0  2  2   0  0   0  0  0  1/6   12 
Dennis Wideman           0  0  0   0  2   1  1  0  0/0   21 
Jamie Langenbrunner      2  0  2   2  0   2  1  2  4/12  22 
Jay McKee                2  2  4   1  2   5  3  2  0/0   19 
Jussi Jokinen            0  1  1   0  0   3  0  0  13/30 21 
Kristian Huselius        0  2  2   1  0   1  1  0  1/2   21 
Matthew Lombardi         0  0  0   0  0   2  0  0  7/14  15 
Mike Comrie              0  0  0   0  0   1  0  0  0/2   7  
Robyn Regehr             0  0  0   1  0   0  2  1  0/0   8  
Saku Koivu               0  1  1   1  0   2  0  0  11/21 21 
Scott Niedermayer        1  1  2   1  0   3  0  1  0/0   24 
Steve Ott                1  0  1   0  2   3  3  0  1/2   17 
Todd Bertuzzi            0  0  0   1  0   2  3  0  1/1   12 
RedWings
Player Name              G  A  P  +/- PIM S  H  SB FO    MP 
------------------------------------------------------------
Brendan Witt             0  0  0  -1  8   1  2  0  0/0   9  
Brett Clark              0  0  0   0  0   1  0  2  0/0   22 
Brian Campbell           0  0  0  -1  0   1  0  2  0/0   21 
Colin White              0  0  0   0  10  1  2  4  0/0   19 
Jean-Pierre Dumont       0  0  0   0  0   2  0  0  0/0   14 
Keith Yandle             0  0  0  -1  2   2  0  2  0/0   21 
Kris Draper              0  0  0   0  0   1  1  0  0/0   14 
Marty Reasoner           0  0  0  -1  0   0  0  2  16/23 18 
Matt Moulson             0  0  0  -1  0   4  1  0  0/0   6  
Mike Cammalleri          0  0  0  -1  0   3  0  0  0/1   18 
Nate Thompson            0  0  0   0  0   0  1  2  8/19  14 
Niclas Bergfors          0  0  0  -1  0   0  0  0  0/0   6  
Paul Martin              0  0  0  -1  0   1  1  1  0/0   21 
Pavol Demitra            0  0  0   0  0   1  0  0  0/0   8  
Ray Whitney              0  0  0   0  0   3  3  0  2/5   15 
Ryan Getzlaf             0  0  0  -1  2   2  5  0  11/18 13 
Travis Zajac             0  0  0   0  0   3  0  0  17/27 16 
Zach Parise              0  0  0  -1  0   2  0  1  0/1   22 

3 Stars

1 - Jonathan Quick (STL)
2 - Jay McKee (STL)
3 - Jamie Langenbrunner (STL)

Power Play

Blues - 4 on 11 Attempt(s) - 36.36%
RedWings - 0 on 5 Attempt(s) - 0.00%

Penalty Kill

Blues - 5 on 5 Attempt(s) - 100.00% - Score 0 goal in Penalty Kill
RedWings - 7 on 11 Attempt(s) - 63.64% - Score 0 goal in Penalty Kill

Game Notes

Robyn Regehr is injured at 1:53 of 2nd period (Right Forearm)

Finance

Level 1 -- Attendance: 6500 (100.00%) -- Ticket Income $520,000.00
Level 2 -- Attendance: 4804 (96.08%) -- Ticket Income $216,180.00
Level 3 -- Attendance: 3500 (100.00%) -- Ticket Income $105,000.00
Level 4 -- Attendance: 2964 (72.90%) -- Ticket Income $44,460.00
Luxury Box -- Attendance: 1000 (100.00%) -- Ticket Income $150,000.00
Game was played at the Joe Louis Arena
Total Attendance: 18768 (93.53%)
Total Ticket Income: $1,118,183.00
Other Income: $210,640.20
Total Income: $1,328,823.00


Play by Play

Period #1

0:01 of 1st period - Saku Koivu wins face-off versus Ray Whitney in neutral zone.
0:03 of 1st period - Off-side.
0:04 of 1st period - Jussi Jokinen wins face-off versus Ryan Getzlaf in neutral zone.
0:07 of 1st period - Shot by Steve Ott.
0:07 of 1st period - Stopped by Craig Anderson without a rebound.
0:08 of 1st period - Kristian Huselius wins face-off versus Travis Zajac in RedWings zone.
0:16 of 1st period - Minor Penalty to Colin White for Hooking.
0:17 of 1st period - Nate Thompson wins face-off versus Jussi Jokinen in RedWings zone.
0:28 of 1st period - Marty Reasoner is hit by Chris Kunitz and loses puck.
0:33 of 1st period - Shot by Chris Kunitz.
0:33 of 1st period - Shot Misses the Net.
0:35 of 1st period - Shot by Steve Ott.
0:35 of 1st period - Goal by Steve Ott - Blues : 1 - RedWings : 0.
0:36 of 1st period - Ryan Getzlaf wins face-off versus Saku Koivu in neutral zone.
0:46 of 1st period - Saku Koivu is hit by Ryan Getzlaf.
0:52 of 1st period - Shot by Kristian Huselius.
0:52 of 1st period - Shot Misses the Net.
0:54 of 1st period - Shot by Saku Koivu.
0:54 of 1st period - Shot Blocked by Brian Campbell.
0:56 of 1st period - Shot by Jamie Langenbrunner.
0:56 of 1st period - Goal by Jamie Langenbrunner - Blues : 2 - RedWings : 0.
0:57 of 1st period - Marty Reasoner wins face-off versus Matthew Lombardi in neutral zone.
1:07 of 1st period - Icing by Matthew Lombardi.
1:08 of 1st period - Matthew Lombardi wins face-off versus Ray Whitney in Blues zone.
1:42 of 1st period - Icing by Matthew Lombardi.
1:43 of 1st period - Ryan Getzlaf wins face-off versus Matthew Lombardi in Blues zone.
1:46 of 1st period - Shot by Zach Parise.
1:46 of 1st period - Shot Blocked by Jay McKee.
2:01 of 1st period - Ryan Getzlaf is hit by Robyn Regehr and loses puck.
2:28 of 1st period - Minor Penalty to Keith Yandle for Hooking.
2:29 of 1st period - Jussi Jokinen wins face-off versus Marty Reasoner in RedWings zone.
2:30 of 1st period - Shot by Steve Ott.
2:30 of 1st period - Shot Misses the Net.
2:32 of 1st period - Shot by Brian Pothier.
2:32 of 1st period - Shot Misses the Net.
2:34 of 1st period - Shot by Jussi Jokinen.
2:34 of 1st period - Deflect By Steve Ott.
2:34 of 1st period - Shot Misses the Net.
2:36 of 1st period - Shot by Brian Pothier.
2:36 of 1st period - Stopped by Craig Anderson without a rebound.
2:37 of 1st period - Marty Reasoner wins face-off versus Jussi Jokinen in RedWings zone.
2:46 of 1st period - Chris Kunitz is hit by Kris Draper and loses puck.
4:08 of 1st period - Shot by Kristian Huselius.
4:08 of 1st period - Shot Misses the Net.
4:28 of 1st period - Chris Kunitz is hit by Colin White.
4:45 of 1st period - Shot by Matthew Lombardi.
4:45 of 1st period - Shot Misses the Net.
4:47 of 1st period - Shot by Jay McKee.
4:47 of 1st period - Stopped by Craig Anderson with a rebound.
4:49 of 1st period - Shot by Alexander Frolov.
4:49 of 1st period - Stopped by Craig Anderson without a rebound.
4:50 of 1st period - Ryan Getzlaf wins face-off versus Daymond Langkow in RedWings zone.
5:15 of 1st period - Shot by Mike Cammalleri.
5:15 of 1st period - Shot Blocked by Robyn Regehr.
5:17 of 1st period - Shot by Keith Yandle.
5:17 of 1st period - Stopped by Jonathan Quick without a rebound.
5:18 of 1st period - Matthew Lombardi wins face-off versus Travis Zajac in Blues zone.
5:27 of 1st period - Travis Zajac is hit by Todd Bertuzzi and loses puck.
5:31 of 1st period - Icing by Jean-Pierre Dumont.
5:32 of 1st period - Travis Zajac wins face-off versus Chris Kunitz in RedWings zone.
6:32 of 1st period - Todd Bertuzzi is hit by Brendan Witt and loses puck.
6:42 of 1st period - Icing by Paul Martin.
6:43 of 1st period - Nate Thompson wins face-off versus Saku Koivu in RedWings zone.
7:04 of 1st period - Shot by Ryan Getzlaf.
7:04 of 1st period - Stopped by Jonathan Quick with a rebound.
7:06 of 1st period - Shot by Keith Yandle.
7:06 of 1st period - Shot Misses the Net.
7:09 of 1st period - Minor Penalty to Ryan Getzlaf for Roughing.
7:10 of 1st period - Marty Reasoner wins face-off versus Jussi Jokinen in RedWings zone.
8:11 of 1st period - Shot by Scott Niedermayer.
8:11 of 1st period - Stopped by Craig Anderson without a rebound.
8:12 of 1st period - Saku Koivu wins face-off versus Mike Cammalleri in RedWings zone.
8:27 of 1st period - Shot by Zach Parise.
8:27 of 1st period - Stopped by Jonathan Quick without a rebound.
8:28 of 1st period - Marty Reasoner wins face-off versus Jussi Jokinen in Blues zone.
8:50 of 1st period - Icing by Jussi Jokinen.
8:51 of 1st period - Jussi Jokinen wins face-off versus Nate Thompson in Blues zone.
9:59 of 1st period - Icing by Ryan Getzlaf.
10:00 of 1st period - Saku Koivu wins face-off versus Ryan Getzlaf in RedWings zone.
11:45 of 1st period - Niclas Bergfors is hit by Todd Bertuzzi and loses puck.
12:00 of 1st period - Shot by Matthew Lombardi.
12:00 of 1st period - Deflect By Alexander Frolov.
12:00 of 1st period - Shot Misses the Net.
12:02 of 1st period - Shot by Brad Lukowich.
12:02 of 1st period - Stopped by Craig Anderson with a rebound.
12:04 of 1st period - Shot by Matthew Lombardi.
12:04 of 1st period - Shot Misses the Net.
12:08 of 1st period - Shot by Alexander Frolov.
12:08 of 1st period - Shot Blocked by Paul Martin.
12:12 of 1st period - Shot by Alexander Frolov.
12:12 of 1st period - Stopped by Craig Anderson without a rebound.
12:13 of 1st period - Travis Zajac wins face-off versus Dan Sexton in RedWings zone.
12:20 of 1st period - Scott Niedermayer is hit by Ray Whitney and loses puck.
12:27 of 1st period - Shot by Travis Zajac.
12:27 of 1st period - Stopped by Jonathan Quick with a rebound.
12:31 of 1st period - Shot by Travis Zajac.
12:31 of 1st period - Shot Misses the Net.
12:35 of 1st period - Shot by Jean-Pierre Dumont.
12:35 of 1st period - Stopped by Jonathan Quick without a rebound.
12:36 of 1st period - Travis Zajac wins face-off versus Jussi Jokinen in Blues zone.
12:36 of 1st period - Travis Zajac is hit by Brian Pothier.
12:42 of 1st period - Shot by Jean-Pierre Dumont.
12:42 of 1st period - Stopped by Jonathan Quick without a rebound.
12:43 of 1st period - Matthew Lombardi wins face-off versus Nate Thompson in Blues zone.
13:13 of 1st period - Shot by Matthew Lombardi.
13:13 of 1st period - Stopped by Craig Anderson with a rebound.
13:49 of 1st period - Shot by Jussi Jokinen.
13:49 of 1st period - Shot Misses the Net.
14:31 of 1st period - Shot by Saku Koivu.
14:31 of 1st period - Shot Blocked by Marty Reasoner.
15:06 of 1st period - Icing by Alexander Frolov.
15:07 of 1st period - Matthew Lombardi wins face-off versus Zach Parise in Blues zone.
15:12 of 1st period - Shot by Matthew Lombardi.
15:12 of 1st period - Shot Blocked by Keith Yandle.
15:16 of 1st period - Shot by Alexander Frolov.
15:16 of 1st period - Shot Misses the Net.
15:47 of 1st period - Minor Penalty to Steve Ott for Holding.
15:48 of 1st period - Travis Zajac wins face-off versus Jamie Langenbrunner in Blues zone.
16:15 of 1st period - Shot by Ray Whitney.
16:15 of 1st period - Stopped by Jonathan Quick without a rebound.
16:16 of 1st period - Travis Zajac wins face-off versus Jussi Jokinen in Blues zone.
16:50 of 1st period - Icing by Ray Whitney.
16:51 of 1st period - Jamie Langenbrunner wins face-off versus Travis Zajac in RedWings zone.
16:54 of 1st period - Shot by Saku Koivu.
16:54 of 1st period - Shot Blocked by Brett Clark.
17:35 of 1st period - Jamie Langenbrunner is hit by Ray Whitney and loses puck.
17:50 of 1st period - Shot by Ryan Getzlaf.
17:50 of 1st period - Shot Misses the Net.
17:52 of 1st period - Shot by Zach Parise.
17:52 of 1st period - Shot Misses the Net.
18:04 of 1st period - Keith Yandle is hit by Todd Bertuzzi and loses puck.
18:40 of 1st period - Icing by Matthew Lombardi.
18:41 of 1st period - Matthew Lombardi wins face-off versus Nate Thompson in Blues zone.
18:55 of 1st period - Shot by Matt Moulson.
18:55 of 1st period - Stopped by Jonathan Quick without a rebound.
18:56 of 1st period - Nate Thompson wins face-off versus Jussi Jokinen in Blues zone.
18:57 of 1st period - Shot by Matt Moulson.
18:57 of 1st period - Stopped by Jonathan Quick without a rebound.
18:58 of 1st period - Chris Kunitz wins face-off versus Ryan Getzlaf in Blues zone.
19:17 of 1st period - Dennis Wideman is hit by Ryan Getzlaf and loses puck.
19:34 of 1st period - Shot by Steve Ott.
19:34 of 1st period - Stopped by Craig Anderson without a rebound.
19:35 of 1st period - Saku Koivu wins face-off versus Nate Thompson in RedWings zone.
19:51 of 1st period - Colin White is hit by Robyn Regehr and loses puck.
19:54 of 1st period - Shot by Nate Thompson.
19:54 of 1st period - Shot Blocked by Jamie Langenbrunner.
19:56 of 1st period - Shot by Marty Reasoner.
19:56 of 1st period - Deflect By Nate Thompson.
19:56 of 1st period - Shot Misses the Net.
19:58 of 1st period - Shot by Kris Draper.
19:58 of 1st period - Shot Misses the Net.

Period #2

0:01 of 2nd period - Travis Zajac wins face-off versus Saku Koivu in neutral zone.
0:24 of 2nd period - Shot by Kristian Huselius.
0:24 of 2nd period - Shot Misses the Net.
0:30 of 2nd period - Shot by Ray Whitney.
0:30 of 2nd period - Stopped by Jonathan Quick with a rebound.
1:16 of 2nd period - Minor Penalty to Dennis Wideman for Hooking.
1:17 of 2nd period - Jussi Jokinen wins face-off versus Ryan Getzlaf in Blues zone.
1:52 of 2nd period - Robyn Regehr is hit by Ryan Getzlaf.
1:53 of 2nd period - Robyn Regehr from Blues is injured at 1:53 of 2nd period (Right Forearm).
1:54 of 2nd period - Travis Zajac wins face-off versus Jamie Langenbrunner in Blues zone.
2:01 of 2nd period - Shot by Brett Clark.
2:01 of 2nd period - Shot Blocked by Jay McKee.
2:12 of 2nd period - Off-side.
2:13 of 2nd period - Jussi Jokinen wins face-off versus Ryan Getzlaf in neutral zone.
2:18 of 2nd period - Keith Yandle is hit by Kristian Huselius and loses puck.
2:30 of 2nd period - Off-side.
2:31 of 2nd period - Travis Zajac wins face-off versus Jussi Jokinen in neutral zone.
2:44 of 2nd period - Shot by Travis Zajac.
2:44 of 2nd period - Stopped by Jonathan Quick with a rebound.
3:16 of 2nd period - Jussi Jokinen is hit by Matt Moulson and loses puck.
3:26 of 2nd period - Double Minor Penalty to Brendan Witt for High sticking.
3:27 of 2nd period - Marty Reasoner wins face-off versus Jussi Jokinen in RedWings zone.
5:04 of 2nd period - Icing by Matthew Lombardi.
5:05 of 2nd period - Marty Reasoner wins face-off versus Daymond Langkow in Blues zone.
6:12 of 2nd period - Shot by Nate Thompson.
6:12 of 2nd period - Shot Misses the Net.
7:06 of 2nd period - Shot by Jussi Jokinen.
7:06 of 2nd period - Stopped by Craig Anderson with a rebound.
7:08 of 2nd period - Shot by Jay McKee.
7:08 of 2nd period - Goal by Jay McKee - Blues : 3 - RedWings : 0.
7:09 of 2nd period - Travis Zajac wins face-off versus Matthew Lombardi in neutral zone.
7:12 of 2nd period - Shot by Jean-Pierre Dumont.
7:12 of 2nd period - Shot Misses the Net.
7:15 of 2nd period - Icing by Jay McKee.
7:16 of 2nd period - Marty Reasoner wins face-off versus Matthew Lombardi in Blues zone.
7:39 of 2nd period - Shot by Alexander Frolov.
7:39 of 2nd period - Deflect By Todd Bertuzzi.
7:39 of 2nd period - Stopped by Craig Anderson with a rebound.
7:41 of 2nd period - Shot by Alexander Frolov.
7:41 of 2nd period - Shot Misses the Net.
7:43 of 2nd period - Shot by Jay McKee.
7:43 of 2nd period - Stopped by Craig Anderson with a rebound.
8:08 of 2nd period - Shot by Jussi Jokinen.
8:08 of 2nd period - Stopped by Craig Anderson without a rebound.
8:09 of 2nd period - Steve Ott wins face-off versus Travis Zajac in RedWings zone.
8:57 of 2nd period - Icing by Colin White.
8:58 of 2nd period - Daymond Langkow wins face-off versus Travis Zajac in RedWings zone.
9:23 of 2nd period - Shot by Matthew Lombardi.
9:23 of 2nd period - Shot Misses the Net.
9:25 of 2nd period - Shot by Mike Comrie.
9:25 of 2nd period - Shot Misses the Net.
9:27 of 2nd period - Shot by Scott Niedermayer.
9:27 of 2nd period - Shot Blocked by Colin White.
9:40 of 2nd period - Off-side.
9:41 of 2nd period - Ryan Getzlaf wins face-off versus Jamie Langenbrunner in neutral zone.
10:06 of 2nd period - Shot by Todd Bertuzzi.
10:06 of 2nd period - Shot Misses the Net.
10:08 of 2nd period - Shot by Jamie Langenbrunner.
10:08 of 2nd period - Deflect By Todd Bertuzzi.
10:08 of 2nd period - Shot Misses the Net.
10:10 of 2nd period - Shot by Alexander Frolov.
10:10 of 2nd period - Stopped by Craig Anderson without a rebound.
10:11 of 2nd period - Nate Thompson wins face-off versus Chris Kunitz in RedWings zone.
10:11 of 2nd period - Nate Thompson is hit by Steve Ott.
10:19 of 2nd period - Shot by Pavol Demitra.
10:19 of 2nd period - Stopped by Jonathan Quick without a rebound.
10:20 of 2nd period - Marty Reasoner wins face-off versus Saku Koivu in Blues zone.
10:32 of 2nd period - Saku Koivu is hit by Brendan Witt and loses puck.
11:23 of 2nd period - Shot by Zach Parise.
11:23 of 2nd period - Stopped by Jonathan Quick without a rebound.
11:24 of 2nd period - Ryan Getzlaf wins face-off versus Jussi Jokinen in Blues zone.
11:48 of 2nd period - Icing by Dennis Wideman.
11:49 of 2nd period - Ray Whitney wins face-off versus Jussi Jokinen in Blues zone.
12:15 of 2nd period - Icing by Travis Zajac.
12:16 of 2nd period - Travis Zajac wins face-off versus Daymond Langkow in RedWings zone.
12:54 of 2nd period - Icing by Ryan Getzlaf.
12:55 of 2nd period - Ryan Getzlaf wins face-off versus Saku Koivu in RedWings zone.
13:04 of 2nd period - Saku Koivu is hit by Ryan Getzlaf and loses puck.
13:39 of 2nd period - Shot by Matt Moulson.
13:39 of 2nd period - Shot Misses the Net.
13:43 of 2nd period - Shot by Paul Martin.
13:43 of 2nd period - Shot Misses the Net.
13:45 of 2nd period - Shot by Marty Reasoner.
13:45 of 2nd period - Deflect By Matt Moulson.
13:45 of 2nd period - Stopped by Jonathan Quick with a rebound.
13:47 of 2nd period - Shot by Brendan Witt.
13:47 of 2nd period - Shot Misses the Net.
13:49 of 2nd period - Shot by Brendan Witt.
13:49 of 2nd period - Stopped by Jonathan Quick with a rebound.
13:51 of 2nd period - Shot by Marty Reasoner.
13:51 of 2nd period - Shot Blocked by Scott Niedermayer.
14:22 of 2nd period - Icing by Colin White.
14:23 of 2nd period - Travis Zajac wins face-off versus Matthew Lombardi in RedWings zone.
14:29 of 2nd period - Travis Zajac is hit by Jay McKee and loses puck.
15:08 of 2nd period - Mike Cammalleri is hit by Jay McKee and loses puck.
15:26 of 2nd period - Icing by Keith Yandle.
15:27 of 2nd period - Ryan Getzlaf wins face-off versus Jussi Jokinen in RedWings zone.
15:27 of 2nd period - Ryan Getzlaf is hit by Steve Ott.
15:32 of 2nd period - Off-side.
15:33 of 2nd period - Jussi Jokinen wins face-off versus Nate Thompson in neutral zone.
15:42 of 2nd period - Pavol Demitra is hit by Dennis Wideman and loses puck.
16:10 of 2nd period - Shot by Kris Draper.
16:10 of 2nd period - Stopped by Jonathan Quick without a rebound.
16:11 of 2nd period - Travis Zajac wins face-off versus Daymond Langkow in Blues zone.
16:19 of 2nd period - Minor Penalty to Brian Pothier for High sticking.
16:20 of 2nd period - Ryan Getzlaf wins face-off versus Jamie Langenbrunner in Blues zone.
16:56 of 2nd period - Shot by Keith Yandle.
16:56 of 2nd period - Stopped by Jonathan Quick without a rebound.
16:57 of 2nd period - Jussi Jokinen wins face-off versus Travis Zajac in Blues zone.
16:57 of 2nd period - Jussi Jokinen is hit by Ray Whitney.
17:32 of 2nd period - Icing by Jean-Pierre Dumont.
17:33 of 2nd period - Ray Whitney wins face-off versus Jamie Langenbrunner in RedWings zone.
18:20 of 2nd period - Mike Cammalleri is hit by Dan Sexton and loses puck.
19:00 of 2nd period - Shot by Jamie Langenbrunner.
19:00 of 2nd period - Goal by Jamie Langenbrunner - Blues : 4 - RedWings : 0.
19:01 of 2nd period - Travis Zajac wins face-off versus Matthew Lombardi in neutral zone.
19:10 of 2nd period - Shot by Travis Zajac.
19:10 of 2nd period - Stopped by Jonathan Quick without a rebound.
19:11 of 2nd period - Travis Zajac wins face-off versus Jussi Jokinen in Blues zone.
19:23 of 2nd period - Minor Penalty to Colin White for Slashing.
19:24 of 2nd period - Marty Reasoner wins face-off versus Saku Koivu in RedWings zone.
19:41 of 2nd period - Shot by Kristian Huselius.
19:41 of 2nd period - Shot Blocked by Zach Parise.
19:43 of 2nd period - Shot by Jay McKee.
19:43 of 2nd period - Shot Misses the Net.
19:45 of 2nd period - Shot by Scott Niedermayer.
19:45 of 2nd period - Goal by Scott Niedermayer - Blues : 5 - RedWings : 0.
19:46 of 2nd period - Jussi Jokinen wins face-off versus Travis Zajac in neutral zone.
19:58 of 2nd period - Minor Penalty to Colin White for Roughing.
19:59 of 2nd period - Marty Reasoner wins face-off versus Saku Koivu in RedWings zone.

Period #3

0:01 of 3rd period - Marty Reasoner wins face-off versus Saku Koivu in neutral zone.
0:10 of 3rd period - Shot by Saku Koivu.
0:10 of 3rd period - Stopped by Craig Anderson without a rebound.
0:11 of 3rd period - Marty Reasoner wins face-off versus Jussi Jokinen in RedWings zone.
0:11 of 3rd period - Marty Reasoner is hit by Steve Ott.
0:29 of 3rd period - Shot by Brian Pothier.
0:29 of 3rd period - Shot Blocked by Marty Reasoner.
0:38 of 3rd period - Brian Pothier is hit by Paul Martin and loses puck.
0:51 of 3rd period - Shot by Jussi Jokinen.
0:51 of 3rd period - Stopped by Craig Anderson without a rebound.
0:52 of 3rd period - Saku Koivu wins face-off versus Nate Thompson in RedWings zone.
0:57 of 3rd period - Shot by Kristian Huselius.
0:57 of 3rd period - Shot Misses the Net.
0:59 of 3rd period - Shot by Scott Niedermayer.
0:59 of 3rd period - Stopped by Craig Anderson without a rebound.
1:00 of 3rd period - Marty Reasoner wins face-off versus Jamie Langenbrunner in RedWings zone.
1:18 of 3rd period - Shot by Jay McKee.
1:18 of 3rd period - Shot Misses the Net.
1:20 of 3rd period - Shot by Jay McKee.
1:20 of 3rd period - Shot Misses the Net.
1:22 of 3rd period - Shot by Jay McKee.
1:22 of 3rd period - Stopped by Craig Anderson without a rebound.
1:22 of 3rd period - Double Minor Penalty to Craig Anderson for Slashing.
1:23 of 3rd period - Saku Koivu wins face-off versus Marty Reasoner in RedWings zone.
3:36 of 3rd period - Shot by Dennis Wideman.
3:36 of 3rd period - Shot Blocked by Colin White.
3:40 of 3rd period - Shot by Dennis Wideman.
3:40 of 3rd period - Shot Blocked by Colin White.
3:44 of 3rd period - Shot by Dennis Wideman.
3:44 of 3rd period - Shot Misses the Net.
3:46 of 3rd period - Shot by Dennis Wideman.
3:46 of 3rd period - Shot Misses the Net.
3:48 of 3rd period - Shot by Steve Ott.
3:48 of 3rd period - Shot Blocked by Colin White.
3:50 of 3rd period - Shot by Dennis Wideman.
3:50 of 3rd period - Shot Misses the Net.
4:14 of 3rd period - Shot by Mike Comrie.
4:14 of 3rd period - Stopped by Craig Anderson without a rebound.
4:15 of 3rd period - Travis Zajac wins face-off versus Daymond Langkow in RedWings zone.
5:34 of 3rd period - Shot by Matthew Lombardi.
5:34 of 3rd period - Stopped by Craig Anderson without a rebound.
5:35 of 3rd period - Matthew Lombardi wins face-off versus Nate Thompson in RedWings zone.
5:44 of 3rd period - Shot by Todd Bertuzzi.
5:44 of 3rd period - Stopped by Craig Anderson with a rebound.
5:46 of 3rd period - Shot by Matthew Lombardi.
5:46 of 3rd period - Shot Blocked by Nate Thompson.
5:48 of 3rd period - Shot by Scott Niedermayer.
5:48 of 3rd period - Shot Misses the Net.
5:49 of 3rd period - Minor Penalty to Brendan Witt for Hooking.
5:50 of 3rd period - Nate Thompson wins face-off versus Mike Comrie in RedWings zone.
6:32 of 3rd period - Icing by Dennis Wideman.
6:33 of 3rd period - Jussi Jokinen wins face-off versus Marty Reasoner in Blues zone.
7:12 of 3rd period - Shot by Scott Niedermayer.
7:12 of 3rd period - Shot Misses the Net.
7:14 of 3rd period - Shot by Alexander Frolov.
7:14 of 3rd period - Stopped by Craig Anderson without a rebound.
7:15 of 3rd period - Nate Thompson wins face-off versus Saku Koivu in RedWings zone.
7:25 of 3rd period - Off-side.
7:26 of 3rd period - Saku Koivu wins face-off versus Marty Reasoner in neutral zone.
8:26 of 3rd period - Icing by Brad Lukowich.
8:27 of 3rd period - Nate Thompson wins face-off versus Matthew Lombardi in Blues zone.
8:30 of 3rd period - Shot by Kris Draper.
8:30 of 3rd period - Shot Misses the Net.
8:57 of 3rd period - Minor Penalty to Brendan Witt for Hooking.
8:58 of 3rd period - Jussi Jokinen wins face-off versus Marty Reasoner in RedWings zone.
9:09 of 3rd period - Shot by Brian Pothier.
9:09 of 3rd period - Stopped by Craig Anderson without a rebound.
9:10 of 3rd period - Saku Koivu wins face-off versus Nate Thompson in RedWings zone.
10:12 of 3rd period - Shot by Chris Kunitz.
10:12 of 3rd period - Shot Blocked by Brian Campbell.
10:14 of 3rd period - Shot by Brian Pothier.
10:14 of 3rd period - Shot Blocked by Keith Yandle.
10:16 of 3rd period - Shot by Brian Pothier.
10:16 of 3rd period - Shot Blocked by Nate Thompson.
10:44 of 3rd period - Shot by Scott Niedermayer.
10:44 of 3rd period - Shot Misses the Net.
10:48 of 3rd period - Shot by Kristian Huselius.
10:48 of 3rd period - Shot Hit the Post.
11:01 of 3rd period - Paul Martin is hit by Jay McKee and loses puck.
11:20 of 3rd period - Shot by Mike Cammalleri.
11:20 of 3rd period - Stopped by Jonathan Quick without a rebound.
11:20 of 3rd period - Minor Penalty to Jay McKee for Holding.
11:21 of 3rd period - Jussi Jokinen wins face-off versus Ray Whitney in Blues zone.
11:41 of 3rd period - Off-side.
11:42 of 3rd period - Jamie Langenbrunner wins face-off versus Ryan Getzlaf in neutral zone.
11:42 of 3rd period - Jamie Langenbrunner is hit by Ryan Getzlaf.
12:00 of 3rd period - Shot by Zach Parise.
12:00 of 3rd period - Shot Misses the Net.
12:02 of 3rd period - Shot by Ryan Getzlaf.
12:02 of 3rd period - Stopped by Jonathan Quick with a rebound.
12:04 of 3rd period - Shot by Zach Parise.
12:04 of 3rd period - Shot Misses the Net.
12:08 of 3rd period - Shot by Brian Campbell.
12:08 of 3rd period - Stopped by Jonathan Quick without a rebound.
12:09 of 3rd period - Travis Zajac wins face-off versus Jamie Langenbrunner in Blues zone.
12:16 of 3rd period - Shot by Jean-Pierre Dumont.
12:16 of 3rd period - Deflect By Travis Zajac.
12:16 of 3rd period - Shot Blocked by Jamie Langenbrunner.
12:18 of 3rd period - Shot by Ray Whitney.
12:18 of 3rd period - Stopped by Jonathan Quick without a rebound.
12:19 of 3rd period - Jamie Langenbrunner wins face-off versus Travis Zajac in Blues zone.
12:48 of 3rd period - Icing by Travis Zajac.
12:49 of 3rd period - Travis Zajac wins face-off versus Jamie Langenbrunner in RedWings zone.
13:06 of 3rd period - Shot by Brian Campbell.
13:06 of 3rd period - Deflect By Mike Cammalleri.
13:06 of 3rd period - Stopped by Jonathan Quick without a rebound.
13:07 of 3rd period - Ryan Getzlaf wins face-off versus Jussi Jokinen in Blues zone.
13:22 of 3rd period - Shot by Matt Moulson.
13:22 of 3rd period - Stopped by Jonathan Quick with a rebound.
13:24 of 3rd period - Shot by Brendan Witt.
13:24 of 3rd period - Shot Misses the Net.
13:26 of 3rd period - Shot by Colin White.
13:26 of 3rd period - Stopped by Jonathan Quick without a rebound.
13:27 of 3rd period - Matthew Lombardi wins face-off versus Nate Thompson in Blues zone.
13:29 of 3rd period - Alexander Frolov is hit by Nate Thompson.
13:32 of 3rd period - Minor Penalty to Colin White for Elbowing.
13:33 of 3rd period - Marty Reasoner wins face-off versus Jussi Jokinen in RedWings zone.
13:42 of 3rd period - Shot by Dennis Wideman.
13:42 of 3rd period - Stopped by Craig Anderson without a rebound.
13:43 of 3rd period - Marty Reasoner wins face-off versus Saku Koivu in RedWings zone.
14:05 of 3rd period - Pavol Demitra is hit by Jamie Langenbrunner and loses puck.
14:26 of 3rd period - Keith Yandle is hit by Chris Kunitz and loses puck.
15:58 of 3rd period - Alexander Frolov is hit by Colin White and loses puck.
16:29 of 3rd period - Minor Penalty to Colin White for Holding.
16:30 of 3rd period - Jussi Jokinen wins face-off versus Nate Thompson in RedWings zone.
16:38 of 3rd period - Icing by Steve Ott.
16:39 of 3rd period - Nate Thompson wins face-off versus Steve Ott in Blues zone.
16:39 of 3rd period - Nate Thompson is hit by Brian Pothier.
16:44 of 3rd period - Zach Parise is hit by Brian Pothier and loses puck.
17:18 of 3rd period - Zach Parise is hit by Chris Kunitz and loses puck.
17:26 of 3rd period - Icing by Dennis Wideman.
17:27 of 3rd period - Marty Reasoner wins face-off versus Jussi Jokinen in Blues zone.
17:32 of 3rd period - Shot by Brett Clark.
17:32 of 3rd period - Stopped by Jonathan Quick without a rebound.
17:33 of 3rd period - Saku Koivu wins face-off versus Marty Reasoner in Blues zone.
17:57 of 3rd period - Shot by Saku Koivu.
17:57 of 3rd period - Stopped by Craig Anderson without a rebound.
17:58 of 3rd period - Saku Koivu wins face-off versus Nate Thompson in RedWings zone.
18:13 of 3rd period - Shot by Saku Koivu.
18:13 of 3rd period - Shot Misses the Net.
18:15 of 3rd period - Shot by Daymond Langkow.
18:15 of 3rd period - Shot Misses the Net.
18:19 of 3rd period - Shot by Kristian Huselius.
18:19 of 3rd period - Stopped by Craig Anderson without a rebound.
18:20 of 3rd period - Saku Koivu wins face-off versus Marty Reasoner in RedWings zone.
18:21 of 3rd period - Shot by Jamie Langenbrunner.
18:21 of 3rd period - Shot Misses the Net.
18:25 of 3rd period - Shot by Scott Niedermayer.
18:25 of 3rd period - Shot Blocked by Brett Clark.
18:27 of 3rd period - Shot by Jay McKee.
18:27 of 3rd period - Goal by Jay McKee - Blues : 6 - RedWings : 0.
18:28 of 3rd period - Todd Bertuzzi wins face-off versus Travis Zajac in neutral zone.
18:54 of 3rd period - Off-side.
18:55 of 3rd period - Ryan Getzlaf wins face-off versus Mike Comrie in neutral zone.
18:55 of 3rd period - Minor Penalty to Dan Sexton for Roughing.
18:56 of 3rd period - Ryan Getzlaf wins face-off versus Kristian Huselius in Blues zone.
19:24 of 3rd period - Shot by Mike Cammalleri.
19:24 of 3rd period - Stopped by Jonathan Quick without a rebound.
19:25 of 3rd period - Jussi Jokinen wins face-off versus Travis Zajac in Blues zone.
19:41 of 3rd period - Shot by Paul Martin.
19:41 of 3rd period - Stopped by Jonathan Quick without a rebound.
19:42 of 3rd period - Jamie Langenbrunner wins face-off versus Ryan Getzlaf in Blues zone.


Output by the SimonT Hockey Simulator (STHS) for Stephane Roy -- Original Page W3C XHTML 1.0 Valid